 Dungeon Crawl Stone Soup version 0.13.0-13-g27bfa31 (webtiles) character file.

554 MackTheKnife the Caller (level 6, -3/41 HPs)
             Began as a Merfolk Summoner on Oct 19, 2013.
             Slain by a worker ant (4 damage)
             ... on Level 4 of the Dungeon.
             The game lasted 00:11:04 (3938 turns).

MackTheKnife the Caller (Merfolk Summoner)          Turns: 3938, Time: 00:11:04

HP  -3/41        AC  2     Str  9      XL: 6   Next: 60%
MP   3/12        EV 13     Int 15      God:
Gold 205         SH  0     Dex 15      Spells:  3 memorised,  4 levels left

Res.Fire  : . . .   See Invis. : .   u - +1 war axe (elec)
Res.Cold  : . . .   Warding    : .   a - +0 robe
Life Prot.: . . .   Conserve   : .   (no shield)
Res.Poison: .       Res.Corr.  : .   (no helmet)
Res.Elec. : .       Clarity    : .   (no cloak)
Sust.Abil.: . .     Spirit.Shd : .   (no gloves)
Res.Mut.  : .       Stasis     : .   (no boots)
Res.Rott. : .       Flight     : .   (no amulet)
Saprovore : . . .                    (no ring)
                                     (no ring)

@: mildly poisoned, very slightly contaminated, slowed, very slow, slightly
resistant to hostile enchantments, fairly stealthy
A: change form in water, swift swim
a: no special abilities


You were on level 4 of the Dungeon.
You were not hungry.

You visited 1 branch of the dungeon, and saw 4 of its levels.

You collected 185 gold pieces.

Inventory:

Hand weapons
 k - a +2,+2 spear of flaming
 r - a +2,+2 spear of freezing (quivered)
 t - a +0,+0 lajatang
 u - a +1,+1 war axe of electrocution (weapon)
Armour
 a - a +0 robe (worn)
 w - a +1 dwarven buckler
Magical devices
 m - a wand of flame (6)
Comestibles
 c - 2 bread rations
 g - a meat ration
 h - 3 pears
 n - an apricot
 z - 17 strawberries
 A - a rotting chunk of adder flesh
Scrolls
 e - 4 scrolls of identify
 f - 3 scrolls of recharging
 i - 3 scrolls of remove curse {unknown}
 p - a scroll of teleportation {unknown}
 s - a scroll of curse weapon {unknown}
 v - a scroll of magic mapping {unknown}
Potions
 d - a potion of brilliance {unknown}
 o - a potion of slowing {unknown}
 q - a potion of restore abilities {unknown}
 x - a potion of speed {unknown}
Books
 b - a book of Callings

   Spells                             Type                      Level
   *Summon Small Mammal               Summoning                    1
   *Call Imp                          Summoning                    2
   Call Canine Familiar               Summoning                    3
   Summon Scorpions                   Summoning/Poison             4
   *Summon Ice Beast                  Ice/Summoning                4


   Skills:
 - Level 0.2 Fighting
 - Level 3.1 Dodging
 - Level 2.1 Stealth
 - Level 3.0 Spellcasting
 + Level 6.0 Summonings
 + Level 3.1 Ice Magic


You had 4 spell levels left.
You knew the following spells:

 Your Spells              Type           Power        Failure   Level  Hunger
a - Summon Small Mammal   Summ           ###.         1%          1    #......
b - Call Imp              Summ           ###.......   2%          2    ##.....
c - Summon Ice Beast      Ice/Summ       ###.......   34%         4    #####..


Dungeon Overview and Level Annotations

Branches:
Dungeon (4/27)
 Temple: D:4-7

Altars:
Okawaru

Annotations:
D:3 cedor's ghost, weakling OgBe


Message History

Your crimson imp blinks!
The worker ant barely misses you.
Your crimson imp blinks!
The orc wizard gestures wildly while chanting.
The orc wizard blinks!
* * * LOW HITPOINT WARNING * * *
You feel sick. The orc wizard casts a spell at you.
You feel as though you will be slow longer.
Your crimson imp hits the worker ant.
The worker ant bites you.
* * * LOW HITPOINT WARNING * * *
Things that are here:
a club; a rotting giant newt corpse Drink which item? (? for menu, Esc to quit)
Okay, then.
Your crimson imp hits the worker ant.
The orc wizard hits you but does no damage.
Your crimson imp blinks!
The worker ant bites you.
You die...

####### #.##...#.##...##...#
##.###...............
#...####...#.(..#...# ####.5.#
#...#....# ##
#######......####...#...######
#....)........................
..[#####.#.....ยง5.........#####
... #.#...w.)o.........# ..w
#.......a@..<...#### ##.
######..o...###.# #. #......#
#.# .. #...#### #.# .. ##### #.#
. #.# .


You could see a worm, a worker ant, an orc wizard, an orc and 2 friendly crimson
imps.

Vanquished Creatures
  A crimson imp (D:4)
  An orc wizard (D:4)
  3 worker ants
  2 gnolls (D:3)
  7 adders
  2 giant geckos (D:2)
  5 orcs
  3 giant cockroaches
  5 hobgoblins
  6 bats
  2 giant newts
  7 goblins
  2 jackals (D:1)
  7 kobolds
  5 rats
58 creatures vanquished.

Vanquished Creatures (collateral kills)
  An ogre (D:4)
  Blork the orc (D:4)
  An orc wizard (D:4)
  4 adders
  2 gnolls (D:3)
  An orc (D:3)
  A bat (D:4)
  2 giant cockroaches (D:2)
  2 hobgoblins
15 creatures vanquished.

Vanquished Creatures (others)
  3 crimson imps (D:3)
  4 shadow imps
  4 white imps
  A bat (D:1)
  A quokka (D:1)
  A rat (D:1)
14 creatures vanquished.

Grand Total: 87 creatures vanquished

Notes
Turn   | Place    | Note
--------------------------------------------------------------
     0 | D:1      | MackTheKnife, the Merfolk Summoner, began the quest for the Orb.
     0 | D:1      | Reached XP level 1. HP: 13/13 MP: 3/3
   585 | D:1      | Found an iron altar of Okawaru.
   632 | D:1      | Reached XP level 2. HP: 19/19 MP: 2/4
   636 | D:1      | Learned a level 2 spell: Call Imp
  1033 | D:2      | Reached XP level 3. HP: 18/24 MP: 1/6
  1755 | D:2      | Reached XP level 4. HP: 25/30 MP: 4/8
  2064 | D:3      | Reached skill level 5 in Summonings
  2074 | D:3      | Reached XP level 5. HP: 17/35 MP: 3/10
  2284 | D:3      | Learned a level 4 spell: Summon Ice Beast
  2784 | D:3      | Noticed cedor's ghost (weakling OgBe)
  3344 | D:4      | Noticed Blork the orc
  3351 | D:3      | Reached skill level 1 in Ice Magic
  3650 | D:4      | Killed Blork the orc
  3675 | D:4      | Noticed an ogre
  3686 | D:4      | Killed an ogre
  3686 | D:4      | Reached XP level 6. HP: 30/41 MP: 3/12
  3900 | D:4      | Reached skill level 6 in Summonings
  3937 | D:4      | HP: 1/41 [worker ant (3)]
  3938 | D:4      | Slain by a worker ant

Action                   |  1- 3 |  4- 6 || total
-------------------------+-------+-------++-------
Melee: Short sword       |    14 |       ||    14
       Spear             |    66 |    43 ||   109
       War axe           |       |    41 ||    41
 Cast: Summon Small Mamm |    11 |       ||    11
       Call Imp          |    12 |    37 ||    49
  Use: Scroll            |       |     3 ||     3
       Potion            |       |     5 ||     5
 Stab: Sleeping          |     5 |     1 ||     6
